 Dungeon Crawl Stone Soup version 0.31-a0-981-geadf994542 (webtiles) character file.

Game seed: 1372717556780838147

14942 gruber the Grappler (level 11, -3/109 HPs)
             Began as a Troll Shapeshifter on Nov 2, 2023.
             Was a Priest of Uskayaw.
             Slain by a slime creature (9 damage)
             ... on level 12 of the Dungeon.
             The game lasted 00:09:27 (9029 turns).

gruber the Grappler (Troll Shapeshifter)            Turns: 9029, Time: 00:09:28

Health: -3/109     AC:  5    Str: 28    XL:     11   Next: 95%
Magic:  10/10      EV: 16    Int:  6    God:    Uskayaw [***...]
Gold:   566        SH:  0    Dex:  9    Spells: 10/10 levels left

rFire   . .          .
                       - Unarmed
rCold   . . .        (no shield)
rNeg    . . .        F - +0 troll leather armour
rPois   .            (helmet currently unavailable)
rElec   .            (cloak currently unavailable)
rCorr   +            (gloves unavailable)
SInv    .            (boots unavailable)
Will    .....        (no amulet)
Stlth   +            x - +5 ring of evasion
HPRegen 1.98/turn    G - ring of resist corrosion
MPRegen 0.12/turn

%: no passive effects
@: beast-form, spiked
A: beast (slay +4), large, unfitting armour, claws 3, regeneration 1, shaggy fur
1, tough skin 1
a: Begin Untransformation, Renounce Religion, Stomp, Line Pass


You were on level 12 of the Dungeon.
You worshipped Uskayaw.
Uskayaw was noncommittal.
You were a hulking beast.
You visited 2 branches of the dungeon, and saw 13 of its levels.

You collected 566 gold pieces.

Inventory:

Missiles
 m - 4 large rocks
 q - 6 curare-tipped darts
 A - 2 throwing nets
 E - 3 javelins
Armour
 t - +0 acid dragon scales
 F - a +0 troll leather armour (worn)
Jewellery
 x - a +5 ring of evasion (left claw)
 z - a ring of magical power
 G - a ring of resist corrosion (right claw)
Talismans
 c - a beast talisman
 d - a flux talisman
Scrolls
 e - a scroll of fear {unknown}
 f - 2 scrolls of amnesia {unknown}
 g - 12 scrolls of identify {unknown}
 h - 2 scrolls of blinking {unknown}
 l - 3 scrolls of noise {unknown}
 n - 2 scrolls of brand weapon {unknown}
 p - 4 scrolls of immolation {unknown}
 r - a scroll of poison {unknown}
 s - 2 scrolls of vulnerability {unknown}
 u - a scroll of torment {unknown}
 v - 2 scrolls of teleportation {unknown}
 w - a scroll of silence {unknown}
 y - a scroll of enchant armour {unknown}
 B - a scroll of enchant weapon {unknown}
Potions
 a - a potion of heal wounds {unknown}
 b - 8 potions of lignification
 i - 3 potions of invisibility {unknown}
 j - 4 potions of curing {unknown}
 k - 4 potions of mutation {unknown}
 o - a potion of brilliance {unknown}
 C - a potion of degeneration {unknown}
 D - a potion of might {unknown}


   Skills:
 - Level 7.1 Fighting
 - Level 8.4 Dodging
 * Level 13.3 Unarmed Combat
 - Level 7.0 Shapeshifting


You had 10 spell levels left.
You didn't know any spells.
Your spell library contained the following spells:

 Spells                   Type           Power      Damage    Failure   Level
 Apportation              Tloc           0%         N/A       50%         1
 Necrotise                Necr           0%         1d4       50%         1
 Sandblast                Erth           0%         2d4       50%         1
 Summon Small Mammal      Summ           0%         N/A       50%         1
 Jinxbite                 Hex            0%         N/A       63%         2
 Passwall                 Tmut/Erth      0%         N/A       63%         2
 Poisonous Vapours        Pois/Air       0%         N/A       63%         2
 Dazzling Flash           Conj/Hex       0%         N/A       86%         3
 Mephitic Cloud           Conj/Pois/Air  0%         N/A       86%         3
 Stone Arrow              Conj/Erth      0%         3d7       86%         3
 Vampiric Draining        Necr           0%         2d6       86%         3
 Volatile Blastmotes      Fire/Tloc      0%         2d10      86%         3
 Brom's Barrelling Bould  Conj/Erth      0%         2d3       99%         4
 Agony                    Necr           0%         N/A       100%        5
 Alistair's Intoxication  Tmut/Pois      0%         N/A       100%        5
 Freezing Cloud           Conj/Ice/Air   0%         6-21      100%        5
 Starburst                Conj/Fire      0%         6d3       100%        6
 Maxwell's Capacitive Co  Air            0%         ∞         100%        8


Dungeon Overview and Level Annotations

Branches:
Dungeon (12/15)            Temple (1/1) D:4            Lair (0/5) D:11
    Orc: D:9-12

Altars:
Ashenzari
Cheibriados
Dithmenos
Elyvilon
Fedhas
Gozag
Hepliaklqana
Kikubaaqudgha
Makhleb
Nemelex Xobeh
Okawaru
Qazlal
Ru
Sif Muna
Trog
Uskayaw
Vehumet
Wu Jian
Xom
Yredelemnul
Zin
The Shining One

Shops:
D:4 [   D:9 :


Innate Abilities, Weirdness & Mutations

You are a hulking beast.
Your limbs bulge with bestial killing power. (Slay +4)
You are too large for most types of armour.
You have claws for hands.
Your natural rate of healing is unusually fast.
You are covered in fur. (AC +1)
You have tough skin. (AC +1)


Message History

You scratch the large slime creature.
The large slime creature is severely wounded.
The manticore flicks its tail.
The volley of spikes hits you!
The barbed spikes become lodged in your body.
The slime creature hits you!
A large slime creature splits.
Unknown command.
You barely miss the slime creature.
The slime creature is severely wounded.
The manticore flicks its tail.
The volley of spikes misses you.
The slime creature hits you but does no damage.
The slime creature closely misses you.
Unknown command.
Unknown command.
You eviscerate the slime creature!!!
You kill the slime creature!
The slime creature closely misses you.
Unknown command.
Unknown command.
You mangle the slime creature!!
The slime creature is almost dead.
The slime creature hits you!
* * * LOW HITPOINT WARNING * * *
The slime creature hits you!!
* * * LOW HITPOINT WARNING * * *
Uskayaw will force your foes to helplessly watch your dance.
Uskayaw prepares the audience for your solo!
The helpless slime creature fails to defend itself.
You claw the slime creature!
You kill the slime creature!
The slime creature is no longer paralysed.
The manticore is no longer paralysed.
The slime creature hits you.
* * * LOW HITPOINT WARNING * * *
Unknown command.
Unknown command.
You claw the slime creature!
The slime creature is moderately wounded.
The slime creature hits you!
You die...

#..#...##.<#
####.....#..##
#........).##
##.#.........# #
#.###........#
#.#.###..........
###.................
#..............<.....
#..#..)..h....#........
..#.!#.)..J...###.......
# #.#...H......#
##..............
#.##............
##..............
#..............
...............


You could see a slime creature and a manticore.

Vanquished Creatures
  4 two-headed ogres
  A centaur warrior (D:10)
  An ugly thing (D:11)
  2 manticores (D:11)
  3 unseen horrors
  A kobold demonologist (D:11)
  A komodo dragon (D:11)
  3 trolls
  A hornet (D:9)
  3 slime creatures (D:12)
  Sigmund (D:4)
  A shadow (D:10)
  9 yaks
  4 wraiths
  2 wyverns
  Grum (D:10)
  2 steam dragons
  4 vampire mosquitoes (D:10)
  3 wargs (D:11)
  2 acid dragons
  A water moccasin (D:6)
  Duvessa (D:7)
  A black bear (D:5)
  An ice beast (D:7)
  4 orc warriors
  3 sky beasts
  2 boggarts (D:8)
  3 wolves (D:10)
  3 centaurs
  A phantom (D:8)
  3 bullfrogs
  3 scorpions
  4 gnoll sergeants
  12 wights
  Dowan (D:7)
  A howler monkey (D:11)
  6 hounds
  4 orc priests
  2 jellies
  A sleepcap (D:5)
  5 iguanas
  8 orc wizards
  23 gnolls
  4 adders
  A shadow imp (D:6)
  2 ufetubi (D:5)
  2 worms
  4 dart slugs
  17 orcs
  7 bats
  6 endoplasms
  4 giant cockroaches
  5 goblins
  2 hobgoblins
  2 jackals (D:4)
  4 quokkas
  9 ball pythons
  3 frilled lizards
  7 kobolds
  4 rats
225 creatures vanquished.

Vanquished Creatures (others)
  A yak (D:8)
1 creature vanquished.

Grand Total: 226 creatures vanquished

Notes
Turn   | Place    | Note
-------+----------+-------------------------------------------
     0 | D:1      | gruber the Troll Shapeshifter began the quest for the Orb.
     0 | D:1      | Reached XP level 1. HP: 18/18 MP: 0/0
   328 | D:1      | Reached XP level 2. HP: 26/26 MP: 1/1
   835 | D:2      | Found a faded altar of an unknown god.
   874 | D:2      | Found a blossoming altar of Fedhas.
   991 | D:2      | Reached skill level 4 in Unarmed Combat
  1119 | D:2      | Reached XP level 3. HP: 32/32 MP: 2/2
  1503 | D:3      | You fall into a shaft and drop 2 floors!
  1503 | D:5      | Entered Level 5 of the Dungeon
  1631 | D:5      | Reached skill level 5 in Unarmed Combat
  1631 | D:5      | Reached XP level 4. HP: 40/40 MP: 3/3
  1732 | D:5      | Noticed a black bear
  1737 | D:5      | Killed a black bear
  1738 | D:5      | Reached skill level 6 in Unarmed Combat
  1738 | D:5      | Reached XP level 5. HP: 34/46 MP: 4/4
  1802 | D:5      | Reached XP level 6. HP: 53/54 MP: 5/5
  1831 | D:5      | Reached skill level 7 in Unarmed Combat
  2636 | D:3      | Found a glowing golden altar of the Shining One.
  2786 | D:4      | Noticed Sigmund
  2788 | D:4      | Killed Sigmund
  2789 | D:4      | Reached skill level 8 in Unarmed Combat
  2789 | D:4      | Reached XP level 7. HP: 61/61 MP: 6/6
  2953 | D:4      | Found Vigoh's Antique Armour Emporium.
  3073 | D:4      | Found a staircase to the Ecumenical Temple.
  3133 | D:4      | Found a burning altar of Makhleb.
  3270 | Temple   | Entered the Ecumenical Temple
  3741 | D:6      | Reached skill level 9 in Unarmed Combat
  3953 | D:6      | Reached XP level 8. HP: 68/68 MP: 7/7
  4334 | D:7      | Found a shimmering blue altar of Sif Muna.
  4359 | D:7      | Reached skill level 10 in Unarmed Combat
  4364 | D:7      | Found a blossoming altar of Fedhas.
  4417 | D:7      | Identified the +4 rapier "Axkaisok" {heavy, Dex+3}
  4596 | D:7      | Reached skill level 1 in Fighting
  4802 | D:6      | Found an opulent altar of Gozag.
  5096 | D:7      | Noticed Duvessa
  5096 | D:7      | Noticed Dowan
  5101 | D:7      | Killed Duvessa
  5102 | D:7      | Reached skill level 5 in Fighting
  5110 | D:7      | Killed Dowan
  5111 | D:7      | Reached XP level 9. HP: 88/88 MP: 8/8
  5844 | D:8      | Found a shadowy altar of Dithmenos.
  5980 | D:8      | Noticed a two-headed ogre
  5980 | D:8      | Noticed a two-headed ogre
  5994 | D:8      | Killed a two-headed ogre
  5995 | D:8      | Reached skill level 5 in Dodging
  5995 | D:8      | Reached XP level 10. HP: 49/102 MP: 9/9
  6000 | D:8      | Killed a two-headed ogre
  6421 | D:9      | Noticed a two-headed ogre
  6426 | D:9      | Killed a two-headed ogre
  6472 | D:9      | Found Wiusieso's Vocational Training.
  6863 | D:9      | Found a hazy altar of Hepliaklqana.
  6884 | D:9      | Found an ornate altar of the Wu Jian Council.
  7227 | D:10     | Entered Level 10 of the Dungeon
  7265 | D:10     | Noticed Grum
  7281 | D:10     | Killed Grum
  7284 | D:10     | Reached skill level 5 in Shapeshifting
  7415 | D:10     | Found a hide-covered altar of Uskayaw.
  7415 | D:10     | Noticed a +0 hand axe
  7416 | D:10     | Noticed a +0 dagger
  7423 | D:10     | Became a worshipper of Uskayaw the Reveller
  7492 | D:10     | Reached * piety under Uskayaw
  7497 | D:10     | Reached ** piety under Uskayaw
  7498 | D:10     | Reached XP level 11. HP: 102/109 MP: 10/10
  7519 | D:10     | Reached *** piety under Uskayaw
  7524 | D:10     | Reached **** piety under Uskayaw
  7528 | D:10     | Reached ***** piety under Uskayaw
  7724 | D:10     | Noticed a centaur warrior
  7735 | D:10     | Killed a centaur warrior
  8159 | D:11     | Reached skill level 11 in Unarmed Combat
  8322 | D:11     | Found a staircase to the Lair.
  8349 | D:11     | Reached ****** piety under Uskayaw
  8431 | D:11     | Reached skill level 12 in Unarmed Combat
  8459 | D:11     | Noticed a sun demon
  8486 | D:11     | Noticed a white ugly thing
  8491 | D:11     | Killed a white ugly thing
  8960 | D:12     | Noticed a two-headed ogre
  8969 | D:12     | Killed a two-headed ogre
  8970 | D:12     | Reached skill level 13 in Unarmed Combat
  9027 | D:12     | HP: 4/109 [slime creature (19)]
  9029 | D:12     | Slain by a slime creature

Illustrated notes

Levels and vault maps discovered:
D:1:      minmay_arrival_four_houses, layout_basic
D:2:      layout_loops_ring, basic_altar, ebering_ecumenical_altar_sacrificial
D:3:      layout_loops_cross, tso_oasis_becter
D:4:      layout_gridville, lemuel_coloured_pillars_altar,
          minmay_temple_entry_crystal_x, serial_shops,
          nicolae_shop_back_alley_shop, chequers_arboretum, uniq_sigmund
D:5:      layout_loops_ring
D:6:      layout_basic, nicolae_gozag_seed_capital, hangedman_glass_garden
D:7:      layout_loops_ring, mainiacjoe_overflow_concentric_impassable,
          mainiacjoe_overflow_alcove_4, uniq_duvessa
D:8:      layout_cave_pools, grunt_dithmenos_shadows, nicolae_phantomly_mirrored
D:9:      layout_long_grid, nicolae_wu_jian_glorious_leap,
          mainiacjoe_overflow_chevrons, skrybe_limestone_x,
          nicolae_shop_vocational
D:10:     layout_irregular_city, dancing_weapons_uskayaw, uniq_grum
D:11:     layout_roguey, erik_lair_orcish_takeover, minmay_checkerbox
D:12:     layout_big_octagon, david_orc_5
Temple:   nicolae_temple_figure_eight

Skill      XL: |  1  2  3  4  5  6  7  8  9 10 11 |
---------------+----------------------------------+-----
Unarmed Combat | 4 5 6 8 9 10 13 | 13.3
Fighting       | 5 7 |  7.1
Dodging        | 5 8 |  8.4
Shapeshifting  | 5 7 |  7.0

Action                     |  1- 3 |  4- 6 |  7- 9 | 10-12 || total
---------------------------+-------+-------+-------+-------++-------
  Melee: Unarmed           |    65 |    69 |   180 |   255 ||   569
         Punch             |     2 |     1 |    19 |    12 ||    34
  Throw: Large rock        |       |     2 |     3 |       ||     5
   Stab: Paralysed         |       |       |       |    14 ||    14
 Armour: Animal skin       |    29 |    51 |    53 |       ||   133
         Steam dragon scal |       |       |    77 |    94 ||   171
         Troll leather arm |       |       |       |    52 ||    52
  Dodge: Dodged            |    23 |    31 |    75 |   206 ||   335

Table legend: (Time is in decaauts)
 A = Elapsed time spent in this place.
 B = Non-inter-level travel time spent in this place.
 C = Inter-level travel time spent in this place.
 D = Time resting spent in this place.
 E = Time spent auto-exploring this place.
 F = Levels seen in this place.
 G = Mean time per level.
                   A        B        C        D        E       F      G
               +--------+--------+--------+--------+--------+-----+--------+
         Total |   8943 |   8252 |    691 |    275 |   6636 |  13 |  687.9 |
       Dungeon |   8942 |   8253 |    689 |    275 |   6636 |  12 |  745.2 |
        Temple |      1 |      0 |      1 |      0 |      0 |   1 |    1.0 |
               +--------+--------+--------+--------+--------+-----+--------+

Top non-repeatable levels by time:
     D:9: 912 daAuts
     D:7: 911 daAuts
     D:6: 894 daAuts
    D:10: 864 daAuts
    D:11: 841 daAuts
     D:1: 818 daAuts
     D:5: 783 daAuts
     D:8: 771 daAuts
     D:3: 741 daAuts
     D:4: 682 daAuts
     D:2: 653 daAuts
    D:12: 66 daAuts
  Temple: 1 daAuts
